 Dungeon Crawl Stone Soup version 0.25.1-2-g60ff931df9 (webtiles) character file.

Game seed: 4510496529629345743

12708 DildoBatman the Fighter (level 12, -1/84 HPs)
             Began as a Formicid Wizard on Aug 27, 2020.
             Was a High Priest of Kikubaaqudgha.
             Slain by a frost giant
             ... wielding a +2 battleaxe of freezing
              (12 damage)
             ... in an ice cave.
             The game lasted 01:02:42 (14048 turns).

DildoBatman the Fighter (Formicid Wizard)          Turns: 14048, Time: 01:02:42

Health: -1/84      AC: 13    Str: 11    XL:     12   Next: 23%
Magic:  1/19       EV: 15    Int: 34    God:    Kikubaaqudgha [*****.]
Gold:   583        SH:  0    Dex:  9    Spells: 5/21 levels left

rFire    . . .     SeeInvis +   a - +6 dagger of Painful Death {protect, MR+ SInv}
rCold    . . .     Gourm    .   (no shield)
rNeg     . . .     Faith    .   o - +0 troll leather armour
rPois    .         Spirit   .   (helmet unavailable)
rElec    .         Reflect  .   N - +0 cloak
rCorr    .         Harm     .   J - +1 pair of gloves
MR       ++...                  (no boots)
Stlth    ++........             r - amulet of the acrobat
HPRegen  0.64/turn              L - +4 ring of protection
MPRegen  0.16/turn              t - +6 ring of intelligence

@: no status effects
A: permanent stasis, dig shafts and tunnels, four strong arms, antennae 3,
clever 2, frail 1
a: Dig, Shaft Self, Receive Corpses, Torment, Renounce Religion


You were in an ice cave.
You worshipped Kikubaaqudgha.
Kikubaaqudgha was extremely pleased with you.
You were not hungry.

You visited 3 branches of the dungeon, and saw 12 of its levels.
You also visited: Sewer and Ice Cave.

You collected 612 gold pieces.
You spent 29 gold pieces at shops.

Inventory:

Hand Weapons
 a - the +6 dagger of Painful Death (weapon) {protect, MR+ SInv}
   (You found it on level 6 of the Dungeon)

   It grants its wielder temporary protection when it strikes (+7 to AC).
   It affects your resistance to hostile enchantments.
   It lets you see invisible.
 b - a +1 shortbow of flaming
Missiles
 h - 11 poisoned darts
 i - 137 sling bullets
 j - 343 stones
 m - 36 arrows
 H - 31 bolts
 O - 2 curare-tipped darts (quivered)
Armour
 o - a +0 troll leather armour (worn)
 J - a +1 pair of gloves (worn)
 N - a +0 cloak (worn)
Jewellery
 f - an uncursed ring of wizardry
 g - an uncursed amulet of reflection
 q - an uncursed ring of poison resistance
 r - an amulet of the acrobat (around neck)
 t - a +6 ring of intelligence (right hand)
 L - a +4 ring of protection (left hand)
 R - an uncursed ring of fire
Wands
 d - a wand of flame (10)
 E - a wand of paralysis (33)
Scrolls
 k - 2 scrolls of enchant weapon {unknown}
 n - 2 scrolls of random uselessness {unknown}
 u - a scroll of fear {unknown}
 x - 5 scrolls of remove curse
 z - 2 scrolls of identify
 C - 3 scrolls of fog
 G - 2 scrolls of amnesia {unknown}
 P - a scroll of immolation {unknown}
 Q - 3 scrolls of noise {unknown}
Potions
 c - a potion of brilliance {unknown}
 e - a potion of heal wounds
 l - a potion of invisibility {unknown}
 p - a potion of curing
 s - 4 potions of might
 w - a potion of cancellation {unknown}
 A - 2 potions of ambrosia
 B - a potion of flight
 F - a potion of magic {unknown}
 I - a potion of resistance {unknown}
 K - a potion of stabbing
Miscellaneous
 y - a phantom mirror
Comestibles
 v - 18 rations
 D - 6 chunks of flesh


   Skills:
 * Level 8.9 Fighting
 * Level 8.8 Armour
 * Level 7.7 Dodging
 - Level 2.4 Stealth
 - Level 5.0 Spellcasting
 - Level 6.0 Conjurations
   Level 1.0 Summonings
 - Level 6.0 Necromancy
   Level 0.8 Translocations
 - Level 5.0 Fire Magic
 - Level 5.0 Air Magic


You had 5 spell levels left.
You knew the following spells:

 Your Spells              Type           Power        Failure   Level  Hunger
a - Conjure Flame         Conj/Fire      #####...     1%          3    None
c - Magic Dart            Conj           ####         1%          1    None
d - Vampiric Draining     Necr           #####.....   1%          3    None
e - Mephitic Cloud        Conj/Pois/Air  ####....     3%          3    None
h - Dispel Undead         Necr           #####...     4%          4    ###....
z - Sublimation of Blood  Necr           #####.....   1%          2    None

Your spell library contained the following spells:

 Spells                   Type           Power        Failure   Level  Hunger
 Animate Skeleton         Necr           N/A          1%          1    None
 Pain                     Necr           ####         1%          1    None
 Animate Dead             Necr           N/A          4%          4    ###....
 Call Imp                 Summ           ###.....     5%          2    None
 Slow                     Hex            #.......     9%          2    None
 Agony                    Necr           #####...     13%         5    #####..
 Excruciating Wounds      Chrm/Necr      ####......   41%         5    #####..
 Irradiate                Conj/Tmut      ####......   41%         5    #####..
 Death Channel            Necr           #####.....   56%         6    ######.
 Hydra Form               Tmut           #.........   100%        6    ######.
 Statue Form              Tmut/Erth      #........    100%        6    ######.
 Dragon Form              Tmut           #.........   100%        7    #######
 Blink                    Tloc           Unusable     N/A         2    N/A

Dungeon Overview and Level Annotations

Branches:
Dungeon (10/15)            Temple (1/1) D:4            Lair (0/6) D:10
    Orc (1/2) D:9           Sewer (visited)           IceCv (1/1)

Altars:
Ashenzari
Cheibriados
Dithmenos
Elyvilon
Fedhas
Gozag
Hepliaklqana
Kikubaaqudgha
Makhleb
Nemelex Xobeh
Okawaru
Qazlal
Ru
Sif Muna
Trog
Uskayaw
Vehumet
Wu Jian
Xom
Yredelemnul
Zin
The Shining One
Beogh

Shops:
D:4 %[([[   D:6 *   D:7 [   D:8 [


Innate Abilities, Weirdness & Mutations

You cannot be hasted, slowed, berserked, paralysed or teleported.
You can dig through walls and to a lower floor.
Your four strong arms can wield two-handed weapons with a shield.
You have a pair of large antennae on your head. (SInv)
Your mind is very acute. (Int +4)
You are frail. (-10% HP)


Message History

The frost giant gestures at you while chanting.
The bolt of cold hits you!!
Casting: Conjure Flame (safe; 1% risk of failure)
Confirm with . or Enter, or press ? or * to list all spells.
Aiming: Vampiric Draining (safe; 1% risk of failure)
Press: ? - help, Shift-Dir - straight line, f/p - frost giant
Aim: a frost giant, wielding a +2 battleaxe of freezing (flame, heavily wounded)
The frost giant is severely wounded.
You feel life coursing into your body!
The frost giant is engulfed in blazing flames.
The frost giant gestures at you while chanting.
The bolt of cold hits you!!!
Ouch! That really hurt!
It was a potion of heal wounds.
You feel much better.
The frost giant is engulfed in blazing flames.
The frost giant hits you with a +2 battleaxe of freezing!!
The frost giant freezes you!
You die...
Kikubaaqudgha rasps: "You have failed me!
Welcome... death!"

.####≈≈##..##
#..##
..#.##≈≈##..##
#Y##
.....##≈≈##..#
#..##
......#...#..#
##..##
.......##....##
##..#
##.......####(##
#.#.# ####.#..##
##§####..##
.##.#####
##C##..## ..C##
##@#.## # ....#
##.#.##≈≈###
...##
##..≈≈≈≈≈≈≈ .###
##≈≈≈≈≈≈≈≈ ##
≈≈≈###### #
≈≈≈≈.# ≈≈≈###..
≈≈≈# ... ≈###
.##


You could see a frost giant.

Vanquished Creatures
  Erolcha (D:9)
  A two-headed ogre (D:8)
  A moth of wrath (D:3)
  An ice statue (IceCv)
  6 trolls
  12 polar bears (IceCv)
  Prince Ribbit (D:5)
  A hippogriff (D:9)
  2 wyverns
  5 yaks (IceCv)
  3 hungry ghosts
  A basilisk (D:10)
  Edmund (D:4)
  An acid dragon (D:9)
  3 porcupines (D:10)
  5 orc warriors
  4 sky beasts
  3 black bears
  2 ice beasts
  5 ogres
  14 wolves
  A necrophage (D:10)
  2 centaurs
  2 crocodiles (D:10)
  Blork the orc (D:5)
  6 bullfrogs
  A wyvern skeleton (D:9)
  A scorpion (D:9)
  2 howler monkeys
  6 orc priests
  2 hounds
  A bullfrog skeleton (D:10)
  A centaur skeleton (D:10)
  An iguana (D:4)
  5 jellies
  Jessica (D:1)
  Ijyb (D:4)
  9 orc wizards
  Terence (D:2)
  8 worker ants
  7 adders
  A river rat (D:5)
  4 shadow imps
  12 white imps (Orc:1)
  14 oozes
  2 adder skeletons
  10 worms
  6 dart slugs
  7 leopard geckos
  31 orcs
  15 bats
  2 bat zombies (D:3)
  9 giant cockroaches
  8 goblins
  6 hobgoblins
  24 jackals
  2 quokkas
  5 ball pythons
  A ball python zombie (D:5)
  7 frilled lizards
  14 kobolds
  11 rats
  2 rat zombies (D:3)
325 creatures vanquished.

Vanquished Creatures (others)
  7 toadstools (D:2)
7 creatures vanquished.

Grand Total: 332 creatures vanquished

Notes
Turn   | Place    | Note
-------+----------+-------------------------------------------
     0 | D:1      | DildoBatman the Formicid Wizard began the quest for the
                  | Orb.
     0 | D:1      | Reached XP level 1. HP: 13/13 MP: 4/4
    10 | D:1      | Reached skill level 1 in Conjurations
   217 | D:1      | Reached XP level 2. HP: 17/19 MP: 0/6
   590 | D:1      | Reached XP level 3. HP: 24/24 MP: 5/7
   595 | D:1      | Learned a level 3 spell: Conjure Flame
   599 | D:1      | Learned a level 3 spell: Mephitic Cloud
  1466 | D:2      | Reached XP level 4. HP: 30/30 MP: 5/8
  1560 | D:2      | Noticed Terence
  1624 | D:2      | Noticed Jessica
  2364 | D:3      | Reached XP level 5. HP: 35/35 MP: 3/9
  2945 | D:3      | Found an ancient bone altar of Kikubaaqudgha.
  2953 | D:3      | Became a worshipper of Kikubaaqudgha
  3100 | D:3      | Found a snail-covered altar of Cheibriados.
  3153 | D:3      | Found a white marble altar of Elyvilon.
  3342 | D:3      | Noticed a moth of wrath
  3345 | D:3      | Found a bloodstained altar of Trog.
  3490 | D:3      | Reached XP level 6. HP: 10/41 MP: 6/10
  3799 | D:2      | Killed Terence
  3799 | D:2      | Reached skill level 1 in Fire Magic
  3924 | D:2      | Reached skill level 1 in Air Magic
  4020 | D:1      | Killed Jessica
  4140 | D:2      | Reached skill level 5 in Conjurations
  4192 | D:2      | Reached * piety under Kikubaaqudgha
  4192 | D:2      | Identified Kikubaaqudgha's Guide on Sinister Magic
                  | (Kikubaaqudgha gifted it to you on level 2 of the Dungeon)
  4192 | D:2      | Received a gift from Kikubaaqudgha
  4304 | D:4      | Found Fikapsedu's Food Shoppe.
  4335 | D:4      | Found a basalt altar of Yredelemnul.
  4352 | D:4      | Reached XP level 7. HP: 32/46 MP: 4/11
  4417 | D:4      | Noticed Ijyb
  4438 | D:4      | Killed Ijyb
  4509 | D:4      | Found Gusa's Weapon Emporium.
  4510 | D:4      | Found Wuac's Antique Armour Shoppe.
  4707 | D:4      | Noticed Edmund
  4782 | D:4      | Killed Edmund
  4833 | D:4      | Found a shadowy altar of Dithmenos.
  4837 | D:4      | Found Kawume's Antique Armour Emporium.
  4900 | D:4      | Found Zuamass's Antique Armour Shop.
  4926 | D:4      | Found a staircase to the Ecumenical Temple.
  4931 | D:4      | Got a polished chain mail
  4936 | Temple   | Entered the Ecumenical Temple
  5225 | D:4      | Identified the +1 chain mail of Eternal Vigilance {*Slow
                  | +Blink rF++ rC+} (You found it on level 4 of the Dungeon)
  5259 | D:5      | Entered Level 5 of the Dungeon
  5259 | D:5      | Found a burning altar of Makhleb.
  5259 | D:5      | Found a hide-covered altar of Uskayaw.
  5287 | D:5      | Noticed a wyvern
  5297 | D:5      | Killed a wyvern
  5297 | D:5      | Reached XP level 8. HP: 52/52 MP: 8/12
  5347 | D:5      | Found a shimmering blue altar of Sif Muna.
  5463 | D:5      | Noticed Prince Ribbit
  5504 | D:5      | Found a glowing drain.
  5555 | D:5      | Reached ** piety under Kikubaaqudgha
  5580 | D:5      | Killed Prince Ribbit
  5642 | Sewer    | Entered a sewer
  6020 | Sewer    | Gained mutation: You are frail. (-10% HP) [potion of
                  | mutation]
  6020 | Sewer    | Gained mutation: Your mind is acute. (Int +2) [potion of
                  | mutation]
  6020 | Sewer    | Gained mutation: Your mind is very acute. (Int +4) [potion
                  | of mutation]
  6462 | D:5      | Noticed Blork the orc
  6482 | D:5      | Killed Blork the orc
  6581 | D:5      | Found a sacrificial altar of Ru.
  6943 | D:6      | Reached skill level 1 in Fighting
  6943 | D:6      | Reached skill level 1 in Armour
  6956 | D:6      | Reached skill level 5 in Fire Magic
  7076 | D:6      | Reached XP level 9. HP: 54/54 MP: 4/13
  7244 | D:6      | Found Etogreki's Assorted Antiques.
  7247 | D:6      | Bought a scroll labeled POMAPS COHYOJ for 29 gold pieces
  7463 | D:6      | Reached *** piety under Kikubaaqudgha
  7463 | D:6      | Identified Kikubaaqudgha's Disquisition on Evil
                  | (Kikubaaqudgha gifted it to you on level 6 of the Dungeon)
  7463 | D:6      | Received a gift from Kikubaaqudgha
  7742 | D:6      | Got a fine dagger
  7836 | D:6      | Identified the +6 dagger of Painful Death {protect, MR+
                  | SInv} (You found it on level 6 of the Dungeon)
  8156 | D:7      | Reached skill level 1 in Necromancy
  8361 | D:7      | Found Xiadiahau's Armour Boutique.
  8481 | D:7      | Learned a level 4 spell: Dispel Undead
  8485 | D:7      | Learned a level 3 spell: Vampiric Draining
  8488 | D:7      | Learned a level 2 spell: Sublimation of Blood
  8836 | D:8      | Got a distressingly furry chain mail
  8840 | D:8      | Noticed a troll
  8872 | D:8      | Killed a troll
  8872 | D:8      | Reached XP level 10. HP: 40/63 MP: 7/16
  8889 | D:8      | Reached skill level 5 in Air Magic
  9115 | D:8      | Found a hazy altar of Hepliaklqana.
  9191 | D:8      | Found Gauxeow's Antique Armour Boutique.
  9380 | D:8      | Found a shattered altar of Ashenzari.
  9648 | D:8      | Identified the cursed +1 chain mail of Cieczyzi {Int+3
                  | Stlth-} (You found it on level 8 of the Dungeon)
  9828 | D:8      | Reached skill level 5 in Spellcasting
  9961 | D:9      | Noticed Erolcha
  9961 | D:9      | Noticed a two-headed ogre
 10231 | D:8      | Killed a two-headed ogre
 10231 | D:8      | Reached skill level 5 in Fighting
 10231 | D:8      | Reached skill level 5 in Armour
 10261 | D:9      | Found a staircase to the Orcish Mines.
 10428 | D:9      | Reached skill level 5 in Dodging
 10618 | D:9      | Reached **** piety under Kikubaaqudgha
 10807 | D:9      | Killed Erolcha
 10807 | D:9      | Reached XP level 11. HP: 64/72 MP: 5/18
 10906 | D:9      | Reached skill level 5 in Necromancy
 11092 | D:9      | Found a glowing golden altar of the Shining One.
 11333 | D:3      | Killed a moth of wrath
 11508 | D:10     | Entered Level 10 of the Dungeon
 12017 | D:10     | Found a staircase to the Lair.
 12388 | Orc:1    | Entered Level 1 of the Orcish Mines
 12388 | Orc:1    | Found a roughly hewn altar of Beogh.
 12388 | Orc:1    | Found a frozen archway.
 12506 | Orc:1    | Reached ***** piety under Kikubaaqudgha
 12703 | IceCv    | Entered an ice cave
 13676 | IceCv    | Reached XP level 12. HP: 83/83 MP: 16/19
 13969 | IceCv    | Noticed a frost giant
 14048 | IceCv    | Slain by a frost giant

Illustrated notes

Levels and vault maps discovered:
D:1:      lemuel_arrival_lava_pool, layout_loops_ring, minmay_misc_feat_pillars,
          chequers_serial_rivers_small_b
D:2:      cheibrodos_fertilizer, layout_rooms, kennysheep_generic_room_11,
          uniq_jessica, uniq_terence
D:3:      minmay_recursive_quarters, layout_rooms, lemuel_doored_altar,
          lemuel_zombie_altar_kikubaaqudgha, elyvilon_altar_3, tgw_trog,
          serial_glass, glass_columns_a, glass_columns_c, glass_columns_b,
          glass_columns_b, glass_columns_c, glass_columns_b, glass_columns_a,
          glass_columns_b, serial_bayou_lagoon_a, kennysheep_nub
D:4:      layout_loops_ring, old_standard_altar, old_standard_altar,
          minmay_temple_entry_statues_pillars, serial_shops, shop_fountains,
          shop, shop, nicolae_shop_stone, kennysheep_little_box, uniq_edmund,
          uniq_ijyb
D:5:      layout_cave_pools, lemuel_round_altar, kennysheep_mini,
          grunt_temple_overflow_open, cheibrodos_sewer_entry_sluice,
          first_ration, uniq_prince_ribbit1, uniq_blork_the_orc
D:6:      layout_loops_ring, serial_shops, nicolae_shop_window_shopping
D:7:      layout_gridville, serial_shops, nicolae_shop_trees, hex_tiny,
          abandoned_shop
D:8:      layout_basic, nicolae_overflow_crystal_walls,
          lemuel_coloured_pillars_altar, serial_shops, shop
D:9:      layout_roguey, nicolae_tso_swordbearing_angel, orc_0_dummy,
          uniq_erolcha
D:10:     layout_cave_pools, minmay_lair_entry_grove
Temple:   compressed_dpeg_triangle_lava_temple
Orc:1:    layout_caves, portal_ice_cave_entry_imps, basic_altar, mines_bat_river
IceCv:    ice_cave_small_giant

Skill      XL: |  1  2  3  4  5  6  7  8  9 10 11 |
---------------+----------------------------------+-----
Conjurations   | 1 2 3 4 5 6 |  6.0
Fire Magic     | 2 3 5 |  5.0
Air Magic      | 1 2 4 5 |  5.0
Dodging        | 2 3 5 7 |  7.7
Fighting       | 1 3 6 8 |  8.9
Armour         | 1 3 6 8 |  8.8
Necromancy     | 2 4 6 |  6.0
Spellcasting   | 4 5 |  5.0
Stealth        | |  2.4
Summonings     | |  1.0
Translocations | |  0.8

Action                   |  1- 3 |  4- 6 |  7- 9 | 10-12 || total
-------------------------+-------+-------+-------+-------++-------
Melee: Club              |    12 |       |       |       ||    12
       Short sword       |       |    45 |       |       ||    45
       Dagger            |       |    68 |   254 |   592 ||   914
       Shortbow          |       |       |       |     5 ||     5
 Fire: Shortbow          |       |       |       |    53 ||    53
Throw: Dart              |       |     4 |    95 |    17 ||   116
       Stone             |       |     3 |     3 |       ||     6
       Boomerang         |       |       |    16 |       ||    16
 Cast: Magic Dart        |    85 |   132 |    87 |    99 ||   403
       Mephitic Cloud    |       |    11 |    37 |    48 ||    96
       Conjure Flame     |       |     7 |    15 |    48 ||    70
       Dispel Undead     |       |       |       |    10 ||    10
       Vampiric Draining |       |       |       |    15 ||    15
       Sublimation of Bl |       |       |       |     9 ||     9
 Abil: Dig               |     3 |     6 |    14 |    53 ||    76
Evoke: Wand              |       |       |       |     6 ||     6
  Use: Scroll            |       |     4 |     3 |     4 ||    11
       Potion            |       |       |     5 |     2 ||     7
 Stab: Confused          |       |     5 |    15 |    12 ||    32
       Sleeping          |       |     1 |     1 |       ||     2
       Distracted        |       |       |       |     1 ||     1
  Eat: Chunk             |     2 |    10 |    19 |    16 ||    47
       Ration            |       |       |       |     4 ||     4
Armor: Robe              |     9 |    43 |    55 |    23 ||   130
       Troll leather arm |       |       |       |   214 ||   214
Dodge: Dodged            |    20 |    96 |   134 |   379 ||   629
Block: Other             |       |       |       |    92 ||    92
       Reflection        |       |       |       |     3 ||     3
